 Dungeon Crawl Stone Soup version 0.19-a0-965-g50bf062 (webtiles) character file.

989 Ijustatesigmund the Skirmisher (level 7, -2/59 HPs)
             Began as a Demonspawn Fighter on July 12, 2016.
             Slain by an ogre
             ... wielding a +0 giant club
              (16 damage)
             ... on level 5 of the Dungeon.
             The game lasted 00:09:27 (3440 turns).

Ijustatesigmund the Skirmisher (Demonspawn Fighter) Turns: 3440, Time: 00:09:28

Health: -2/59      AC: 18    Str: 16    XL:     7   Next: 98%
Magic:  7/7        EV:  8    Int:  9    God:
Gold:   233        SH:  9    Dex: 13    Spells: 0 memorised, 6 levels left

rFire  . . .     SeeInvis .     a - +0 long sword
rCold  . . .     Gourm    .     b - +0 scale mail
rNeg   . . .     Faith    .     c - +1 shield
rPois  .         Spirit   .     (helmet restricted)
rElec  .         Dismiss  .     u - +2 cloak
rCorr  .         Reflect  .     (no gloves)
SustAt .         Harm     .     n - +1 pair of boots
MR     .....                    (no amulet)
Stlth  ..........               (no ring)
                                v - ring of flight

@: very slightly contaminated, invisible, not resistant to hostile enchantments,
extremely unstealthy
A: horns 2, rough black scales 2
a: Evoke Flight


You were on level 5 of the Dungeon.
You were hungry.

You visited 2 branches of the dungeon, and saw 6 of its levels.

You collected 233 gold pieces.

Inventory:

Hand Weapons
 a - a +0 long sword (weapon)
Armour
 b - a +0 scale mail (worn)
 c - a +1 shield (worn)
 n - a +1 pair of boots (worn)
 u - a +2 cloak (worn)
Jewellery
 o - an uncursed ring of fire
 v - a ring of flight (left hand)
Wands
 w - a wand of disintegration (12/24)
Scrolls
 d - 2 scrolls of remove curse
 h - a scroll of blinking {unknown}
 k - a scroll of amnesia
 y - a scroll of identify
Potions
 e - 3 potions of cure mutation
 i - a potion of flight
 l - a potion of brilliance {unknown}
 m - a potion of magic
 r - 2 potions of curing
 t - a potion of degeneration {unknown}
Comestibles
 f - 3 bread rations
 g - a fruit
 j - 3 meat rations
 q - 3 slices of pizza
 s - a beef jerky
 x - a chunk of flesh


   Skills:
 + Level 6.3 Fighting
 + Level 5.5 Long Blades
 - Level 2.6 Armour
 - Level 3.7 Dodging
 - Level 2.6 Shields


You had 6 spell levels left.
You didn't know any spells.

Dungeon Overview and Level Annotations

Branches:
Dungeon (5/15)             Temple (1/1) D:4

Altars:
Ashenzari
Cheibriados
Dithmenos
Elyvilon
Fedhas
Gozag
Hepliaklqana
Kikubaaqudgha
Makhleb
Nemelex Xobeh
Pakellas
Qazlal
Ru
Sif Muna
Trog
Uskayaw
Vehumet
Xom
Yredelemnul
Zin
The Shining One


Innate Abilities, Weirdness & Mutations

You have a pair of horns on your head.
You are mostly covered in rough black scales. (AC +7, Dex -2)


Message History

You hit the orc.
You kill the orc!
You hit the ogre.
The ogre is lightly wounded.
You block the ogre's attack.
You hit the ogre but do no damage. You headbutt the ogre.
The ogre is lightly wounded.
The ogre hits you with a giant club!
You hit the ogre.
The ogre is lightly wounded.
The ogre hits you with a giant club!
* * * LOW HITPOINT WARNING * * *
You are too injured to fight recklessly!
You fade into invisibility!
The ogre hits you but does no damage.
You are very lightly contaminated with residual magic.
You hit the ogre.
The ogre is moderately wounded.
The ogre hits you with a giant club!
You die...

#.###.###.## #.## #.#
#..#...###.)## #.#
#........†)..# ..#
#..#.#.#.#.#.# ##
#..#.#.#.#.#.#
##.#.#.#.#.#.#
#.#.#.#.#.# #
#..########.#.#.#.#.#
#...rO@..#..........
#.######.....######.
#####..... ###.## .#
#


You could see an ogre and a quokka.

Vanquished Creatures
  Sigmund (D:3)
  An ice beast (D:5)
  A wasp (D:5)
  An ogre (D:4)
  2 centaurs (D:5)
  A scorpion (D:5)
  Crazy Yiuf (D:3)
  An iguana (D:4)
  Robin (D:3)
  7 gnolls
  10 adders
  A shadow imp (D:5)
  An ooze (D:5)
  2 worms
  2 dart slugs (D:1)
  A giant gecko (D:2)
  19 orcs
  3 bats (D:1)
  4 giant cockroaches
  15 goblins
  8 hobgoblins
  8 jackals (D:2)
  6 kobolds
  2 quokkas
  5 giant newts
  8 rats
  2 fungi (D:3)
114 creatures vanquished.

Notes
Turn   | Place    | Note
-------+----------+-------------------------------------------
     0 | D:1      | Ijustatesigmund the Demonspawn Fighter began the quest for the Orb.
     0 | D:1      | Reached XP level 1. HP: 18/18 MP: 1/1
   164 | D:1      | Gained mutation: You are partially covered in rough black scales. (AC +4, Dex -1) [demonic ancestry]
   164 | D:1      | Reached XP level 2. HP: 22/24 MP: 2/2
   237 | D:1      | Reached skill level 1 in Dodging
   586 | D:2      | Gained mutation: You have a pair of small horns on your head. [demonic ancestry]
   586 | D:2      | Reached XP level 3. HP: 29/29 MP: 3/3
   878 | D:2      | Found a sacrificial altar of Ru.
  1022 | D:2      | Gained mutation: You are mostly covered in rough black scales. (AC +7, Dex -2) [demonic ancestry]
  1022 | D:2      | Reached XP level 4. HP: 36/36 MP: 4/4
  1374 | D:3      | Noticed Sigmund
  1387 | D:3      | Reached skill level 4 in Fighting
  1390 | D:3      | Killed Sigmund
  1390 | D:3      | Reached XP level 5. HP: 17/43 MP: 5/5
  1390 | D:3      | Gained mutation: You have a pair of horns on your head. [demonic ancestry]
  1390 | D:3      | Reached XP level 6. HP: 19/49 MP: 6/6
  2183 | D:3      | Found a runed door.
  2187 | D:3      | Noticed Crazy Yiuf
  2187 | D:3      | Noticed Robin
  2198 | D:3      | Killed Robin
  2207 | D:3      | Killed Crazy Yiuf
  2435 | D:4      | Reached skill level 5 in Fighting
  2472 | D:4      | Found a staircase to the Ecumenical Temple.
  2488 | Temple   | Entered the Ecumenical Temple
  2624 | D:4      | Found a glowing golden altar of the Shining One.
  2902 | D:4      | Reached XP level 7. HP: 56/56 MP: 7/7
  3235 | D:5      | Entered Level 5 of the Dungeon
  3300 | D:5      | Reached skill level 5 in Long Blades
  3346 | D:5      | Reached skill level 6 in Fighting
  3440 | D:5      | Slain by an ogre

Vault maps used:
D:1:      onia_arrival_mini_maze, minmay_pentomino_w2
D:2:      nicolae_ru_the_path_less_chosen
D:3:      uniq_crazy_yiuf_cottage, uniq_robin, uniq_sigmund
D:4:      first_bread, nicolae_tso_carved_into_rock
D:5:      st_stairs_14, minmay_misc_feat_ornament, minmay_misc_feat_rows,
          minmay_misc_feat_encased, makhleb_altar_promises_db
Temple:   nicolae_temple_the_god_donut

Skill      XL: |  1  2  3  4  5  6  7 |
---------------+----------------------+-----
Long Blades    | 2 3 4 5 |  5.5
Dodging        | 1 2 3 |  3.7
Fighting       | 4 5 6 |  6.3
Armour         | |  2.6
Shields        | |  2.6

Action                   |  1- 3 |  4- 6 |  7- 9 || total
-------------------------+-------+-------+-------++-------
Melee: Long sword        |   120 |   211 |    94 ||   425
       Headbutt          |    10 |    52 |    21 ||    83
  Use: Scroll            |       |    14 |       ||    14
       Potion            |       |     1 |     1 ||     2
  Eat: Chunk             |       |     4 |     1 ||     5
       Pizza             |       |     1 |       ||     1
       Royal jelly       |       |       |     1 ||     1
Armor: Scale mail        |    57 |   105 |    48 ||   210
Dodge: Dodged            |    30 |    76 |    30 ||   136
Block: Shield            |    56 |    82 |    45 ||   183
